 Dungeon Crawl Stone Soup version 0.31-a0-354-g827e0957a7 (webtiles) character file.

Game seed: 535832157171349724

115888 Babbit the Severer (level 16, -1/151 HPs)
             Began as a Minotaur Fighter on July 20, 2023.
             Was the Champion of Okawaru.
             Succumbed to a naga mage's splash of poison
             ... on level 4 of the Snake Pit on July 23, 2023.
             The game lasted 03:49:30 (23159 turns).

Babbit the Severer (Minotaur Fighter)              Turns: 23159, Time: 03:49:31

Health: -1/151     AC: 37    Str: 43    XL:     16   Next: 19%
Magic:  13/13      EV:  8    Int:  3    God:    Okawaru [******]
Gold:   527        SH: 13    Dex:  9    Spells: 15/15 levels left

rFire   . . .        b - +11 war axe of Distant Worlds {protect, +Blink}
rCold   . . .        K - +1 kite shield {reflect}
rNeg    + + .        f - +7 crystal plate armour of Inaction {Str+2}
rPois   .            (helmet unavailable)
rElec   .            C - +2 cloak "Babuom" {MP-9 Str+5}
rCorr   +            M - +1 pair of gloves {Str+3}
SInv    .            (no boots)
Will    ++...        y - amulet of faith Stlth
                     P - ring "Uvoh" {rN++ rCorr Str+3 Int-2}
HPRegen 0.45/turn    L - ring of Shadows {Umbra +Inv Stlth+}
MPRegen 0.13/turn

%: reflection, faith
@: lethally poisoned (-1 -> -7), enlightened, flying, wreathed by umbra,
invisible
A: horns 3, retaliatory headbutt, passive freeze
a: Renounce Religion, Evoke Blink, Evoke Invisibility, Heroism, Finesse, Duel


You were on level 4 of the Snake Pit.
You worshipped Okawaru.
Okawaru was exalted by your worship.
You visited 4 branches of the dungeon, and saw 19 of its levels.

You collected 1200 gold pieces.
You spent 673 gold pieces at shops.

Inventory:

Hand Weapons
 a - a +9 war axe of protection
 b - the +11 war axe of Distant Worlds (weapon) {protect, +Blink}
   (Okawaru gifted it to you on level 4 of the Snake Pit)

   +Blink:    It lets you blink.
 s - the +6 hand axe of Unoteum {freeze, Dex+2}
   (Okawaru gifted it to you on level 2 of the Lair of Beasts)

   Dex:       It affects your dexterity (+2).
Missiles
 n - 30 stones (quivered)
Armour
 d - the +6 scale mail of Cace {rN++}
   (You took it off an orc on level 3 of the Dungeon)

   rN:        It greatly protects you from negative energy.
 f - the +7 crystal plate armour of Inaction (worn) {Str+2}
   (Okawaru gifted it to you on level 1 of the Lair of Beasts)

   Str:       It affects your strength (+2).
 v - the scarf of the Mutiny {+Inv, rC+}
   (Okawaru gifted it to you on level 3 of the Lair of Beasts)

   rC:        It protects you from cold.
 C - the +2 cloak "Babuom" (worn) {MP-9 Str+5}
   (You found it on level 2 of the Lair of Beasts)

   Str:       It affects your strength (+5).
   MP:        It affects your magic capacity (-9).
 H - the +1 hat "Gafipp" {Dex+2 Slay+4}
   (Okawaru gifted it to you on level 4 of the Lair of Beasts)

   Dex:       It affects your dexterity (+2).
   Slay:      It affects your accuracy & damage with ranged weapons and melee
   (+4).
 J - a +0 kite shield of protection
 K - a +1 kite shield of reflection (worn)
 M - a +1 pair of gloves of strength (worn)
Jewellery
 c - a ring of positive energy
 e - a ring of resist corrosion
 j - a +6 ring of dexterity
 t - a ring of ice
 u - a +5 ring of evasion
 w - an amulet of the acrobat
 y - an amulet of faith (around neck)
 z - a +6 ring of intelligence
 L - the ring of Shadows (right hand) {Umbra +Inv Stlth+}
   (You found it on level 5 of the Lair of Beasts)

   [ring of stealth]

   Umbra:     It surrounds you with an aura of shadow, increasing your stealth
   and reducing the accuracy of all others within it.
   +Inv:      It lets you turn invisible.
   Stlth:     It makes you more stealthy.
 P - the ring "Uvoh" (left hand) {rN++ rCorr Str+3 Int-2}
   (You bought it in a shop on level 1 of the Snake Pit)

   [ring of resist corrosion]

   Str:       It affects your strength (+3).
   Int:       It affects your intelligence (-2).
   rN:        It greatly protects you from negative energy.
   rCorr:     It protects you from acid and corrosion.
Talismans
 l - a maw talisman
Wands
 A - a wand of polymorph (22)
 Q - a wand of iceblast (6)
Scrolls
 h - 2 scrolls of amnesia
 m - 2 scrolls of teleportation
 x - 2 scrolls of poison
 E - a scroll of fear
 F - 3 scrolls of revelation
 G - 5 scrolls of identify
 O - a scroll of brand weapon
Potions
 g - 5 potions of attraction
 i - 2 potions of enlightenment
 k - 4 potions of mutation
 o - a potion of might
 q - 3 potions of lignification
 r - 2 potions of ambrosia
 B - 2 potions of brilliance
 D - 3 potions of invisibility
 N - a potion of berserk rage
Miscellaneous
 I - a tin of tremorstones (2/2)


   Skills:
 + Level 16.1 Fighting
 + Level 18.9 Axes
 * Level 1.6 Throwing
 + Level 16.0 Armour
 + Level 16.0 Shields
 + Level 9.5 Invocations
 + Level 4.4 Evocations


You had 15 spell levels left.
You didn't know any spells.
Your spell library contained the following spells:

 Spells                   Type           Power      Damage    Failure   Level
 Kiss of Death            Conj/Necr      0%         2d5       99%         1
 Blink                    Tloc           0%         N/A       100%        2
 Lesser Beckoning         Tloc           0%         N/A       100%        2
 Poisonous Vapours        Pois/Air       0%         N/A       100%        2
 Scorch                   Fire           0%         2d5       100%        2
 Confusing Touch          Hex            0%         N/A       100%        3
 Inner Flame              Hex/Fire       0%         N/A       100%        3
 Mephitic Cloud           Conj/Pois/Air  0%         N/A       100%        3
 Dispel Undead            Necr           0%         3d6       100%        4
 Flame Wave               Conj/Fire      0%         2d4       100%        4
 Iskenderun's Mystic Bla  Conj/Tloc      0%         2d3       100%        4
 Manifold Assault         Tloc           0%         N/A       100%        4
 Olgreb's Toxic Radiance  Pois           0%         N/A       100%        4
 Passage of Golubria      Tloc           0%         N/A       100%        4
 Sticky Flame             Conj/Fire      0%         2d3       100%        4
 Freezing Cloud           Conj/Ice/Air   0%         6-21      100%        5
 Yara's Violent Unravell  Hex/Tmut       0%         3d3       100%        5
 Discord                  Hex            0%         N/A       100%        8
 Ignition                 Fire           0%         3d3       100%        8
 Tukima's Dance           Hex            Unusable   N/A       N/A         3
 Summon Cactus Giant      Summ           Unusable   N/A       N/A         6
 Malign Gateway           Summ/Tloc      Unusable   N/A       N/A         7

Dungeon Overview and Level Annotations

Branches:
Dungeon (9/15)             Temple (1/1) D:7            Lair (5/5) D:9
 Shoals (0/4) Lair:3        Snake (4/4) Lair:3        Slime (0/5) Lair:4
    Orc: D:9-12

Altars:
Ashenzari
Cheibriados
Dithmenos
Elyvilon
Fedhas
Gozag
Hepliaklqana
Kikubaaqudgha
Makhleb
Nemelex Xobeh
Okawaru
Qazlal
Ru
Sif Muna
Trog
Uskayaw
Vehumet
Wu Jian
Xom
Yredelemnul
Zin
The Shining One
Jiyva

Shops:
D:8 (   Snake:1 =::   Snake:2 (   Snake:3 ?


Innate Abilities, Weirdness & Mutations

You have a pair of large horns on your head.
You reflexively headbutt those who attack you in melee.
A frigid envelope surrounds you and freezes all who hurt you.


Message History

The splash of poison hits you but does no damage.
You are more poisoned.
You hit the naga warrior but do no damage.
The naga warrior is heavily wounded.
You slice the shock serpent!!
The shock serpent's electric aura discharges, shocking you!
* * * LOW HITPOINT WARNING * * *
Your surroundings suddenly seem different.
A naga mage comes into view. It is wielding a +0 halberd.
* * * LOW HITPOINT WARNING * * *
You feel very sick.
The naga mage shouts!
Okay, then.
You fade into invisibility!
* * * LOW HITPOINT WARNING * * *
You feel very sick.
* * * LOW HITPOINT WARNING * * *
You feel sick. The naga mage spits poison at you.
The splash of poison hits you but does no damage.
You are more poisoned.
* * * LOW HITPOINT WARNING * * *
You feel very sick.
Blink to where?
Press: ? - help, Dir - move target
As you read the scroll of blinking, it crumbles to dust.
* * * LOW HITPOINT WARNING * * *
You feel very sick.
Okay, then.
Really read the scroll of poison?
You can't even see any enemies this would affect.
Okay, then.
Okay, then.
Really quaff the potion of mutation?
Uppercase [Y]es or [N]o only, please.
Really quaff the potion of mutation?
You feel extremely strange. The horns on your head grow some more.
The +1 hat "Gafipp" {Dex+2 Slay+4} falls away!
Your skin feels very cold.
You die...

#.........# #.'. #.........## #.'
#..........# ##.# #..........##
##..## #...........###....##
#............#......##
#....................##
#..#.....................##
#..N....#######@.....####.##
#..#....#.....#.....## #..##
#####....#.....#....## #...##
.........#....##...#### #....##
.........##....#..)...####.....##
..........##''##................#
#+#..............................
..+#...........................#.
...#...........................#.


There were no monsters in sight!

Vanquished Creatures
  2 nagarajas (Snake:4)
  Josephine (Lair:3)
  8 hydras
  A catoblepas (Lair:3)
  5 anacondas
  3 alligator snapping turtles (Snake:3)
  15 death yaks
  4 alligators (Snake:3)
  A death knight (D:8)
  2 boulder beetles (Lair:2)
  6 naga warriors
  A two-headed ogre (D:9)
  The ghost of HallandMoats the Fighter, a novice DsFi of Makhleb (D:8)
  8 shock serpents
  9 naga sharpshooters
  Nergalle (Lair:2)
  5 skysharks
  A salamander mystic (Snake:3)
  5 goliath frogs
  6 sea snakes (Snake:3)
  A naga ritualist (Snake:3)
  10 mana vipers
  10 salamanders
  10 elephants
  24 black mambas
  8 naga magi
  4 guardian serpents
  32 cane toads
  3 torpor snails (Lair:2)
  4 rime drakes
  8 komodo dragons
  A troll (D:9)
  6 polar bears
  A tyrant leech (Lair:5)
  A hornet (Lair:2)
  Prince Ribbit (D:6)
  25 blink frogs
  2 dream sheep (Lair:2)
  A snapping turtle (Snake:3)
  Sigmund (D:5)
  7 wyverns
  6 wraiths
  A steam dragon (D:7)
  49 yaks
  2 basilisks
  5 vampire mosquitoes (Lair:5)
  38 nagas
  25 water moccasins
  An orc warrior (D:8)
  5 black bears
  A sky beast (D:6)
  14 wolves
  5 centaurs
  3 ogres
  The ghost of LustLizard the Insei, an amateur OpSh (D:3)
  2 phantoms (D:5)
  Blork the orc (D:6)
  2 kobold brigands
  2 gnoll sergeants
  14 bullfrogs
  3 scorpions
  15 wights
  23 killer bees
  2 howler monkeys (D:7)
  An electric eel (Lair:2)
  2 lava snakes (Lair:3)
  3 hounds
  6 jellies
  An orc priest (D:4)
  3 gnoll boudas
  2 sleepcaps (D:5)
  2 iguanas (D:5)
  4 orc wizards
  26 gnolls
  9 adders
  A shadow imp (D:7)
  3 white imps
  2 ufetubi
  3 worms
  2 dart slugs (D:4)
  22 orcs
  9 ball pythons
  20 endoplasms
  3 giant cockroaches
  8 goblins
  8 hobgoblins
  13 kobolds
  2 quokkas
  4 bats
  6 frilled lizards
  9 rats
639 creatures vanquished.

Notes
Turn   | Place    | Note
-------+----------+-------------------------------------------
     0 | D:1      | Babbit the Minotaur Fighter began the quest for the Orb.
     0 | D:1      | Reached XP level 1. HP: 19/19 MP: 0/0
   121 | D:1      | Reached XP level 2. HP: 27/27 MP: 1/1
   248 | D:1      | Reached skill level 3 in Axes
   782 | D:1      | Reached XP level 3. HP: 33/33 MP: 2/2
   936 | D:2      | Found a faded altar of an unknown god.
  1099 | D:2      | Reached XP level 4. HP: 17/40 MP: 3/3
  1192 | D:2      | Reached skill level 4 in Axes
  1499 | D:3      | Found a runed translucent gate.
  1499 | D:3      | Noticed LustLizard's ghost (amateur OpSh)
  1499 | D:3      | Identified the +6 scale mail of Cace {rN++}
  1500 | D:3      | Found a runed translucent gate.
  1501 | D:3      | Found a runed translucent gate.
  2164 | D:3      | Reached XP level 5. HP: 47/47 MP: 4/4
  2419 | D:3      | Killed LustLizard's ghost
  2420 | D:3      | Reached skill level 5 in Axes
  2620 | D:4      | Noticed an ogre
  2625 | D:4      | Killed an ogre
  2626 | D:4      | Reached XP level 6. HP: 55/55 MP: 5/5
  2641 | D:4      | Reached skill level 5 in Fighting
  2694 | D:4      | Reached skill level 5 in Armour
  2728 | D:4      | Reached skill level 5 in Shields
  3327 | D:5      | Entered Level 5 of the Dungeon
  3343 | D:4      | Reached skill level 6 in Axes
  3345 | D:4      | Reached XP level 7. HP: 34/61 MP: 6/6
  3743 | D:5      | Reached skill level 7 in Axes
  3772 | D:5      | Reached XP level 8. HP: 70/70 MP: 7/7
  4039 | D:5      | Noticed Sigmund
  4056 | D:5      | Killed Sigmund
  4057 | D:5      | Reached skill level 8 in Axes
  4168 | D:5      | Found a basalt altar of Yredelemnul.
  4168 | D:5      | Found a blossoming altar of Fedhas.
  4168 | D:5      | Found a glowing golden altar of the Shining One.
  4453 | D:6      | Noticed Prince Ribbit
  4479 | D:6      | Killed Prince Ribbit
  4872 | D:6      | Found an ancient bone altar of Kikubaaqudgha.
  4874 | D:6      | Found a broken altar of Ashenzari.
  5003 | D:6      | Reached skill level 9 in Axes
  5191 | D:6      | Noticed Blork the orc
  5200 | D:6      | Killed Blork the orc
  5440 | D:7      | Reached XP level 9. HP: 79/79 MP: 8/8
  5688 | D:7      | Found a sacrificial altar of Ru.
  5844 | D:7      | Found a staircase to the Ecumenical Temple.
  5882 | D:7      | Reached skill level 10 in Axes
  5924 | Temple   | Entered the Ecumenical Temple
  5955 | Temple   | Became a worshipper of Warmaster Okawaru
  6010 | D:7      | Found an ornate altar of the Wu Jian Council.
  6049 | D:7      | Found a hide-covered altar of Uskayaw.
  6141 | D:8      | Upgraded the game from 0.31-a0-331-geda263fcf1 to
                  | 0.31-a0-339-gda1cbd555d
  6215 | D:8      | Found a glowing silver altar of Zin.
  6215 | D:8      | Found an opulent altar of Gozag.
  6331 | D:8      | Reached * piety under Okawaru
  6332 | D:8      | Reached skill level 11 in Axes
  6774 | D:8      | Reached XP level 10. HP: 87/90 MP: 9/9
  6797 | D:8      | Found Eropann's Weapon Emporium.
  7260 | D:8      | Found a runed translucent door.
  7260 | D:8      | Noticed a death knight
  7260 | D:8      | Noticed HallandMoats's ghost (novice DsFi)
  7282 | D:8      | Killed HallandMoats's ghost
  7282 | D:8      | Reached ** piety under Okawaru
  7306 | D:8      | Killed a death knight
  7307 | D:8      | Reached skill level 12 in Axes
  7727 | D:9      | Noticed a two-headed ogre
  7744 | D:9      | Killed a two-headed ogre
  7744 | D:9      | Reached *** piety under Okawaru
  8229 | D:9      | Found a staircase to the Lair.
  8628 | D:9      | Reached **** piety under Okawaru
  8629 | D:9      | Reached skill level 13 in Axes
  8631 | D:9      | Reached XP level 11. HP: 89/99 MP: 10/10
  8823 | D:9      | Upgraded the game from 0.31-a0-339-gda1cbd555d to
                  | 0.31-a0-344-gd109795599
  8826 | Lair:1   | Entered Level 1 of the Lair of Beasts
  9045 | Lair:1   | Reached skill level 1 in Invocations
  9063 | Lair:1   | Reached skill level 10 in Fighting
  9063 | Lair:1   | Reached skill level 10 in Armour
  9063 | Lair:1   | Reached skill level 10 in Shields
  9366 | Lair:1   | Reached ***** piety under Okawaru
  9436 | Lair:1   | Identified the +7 crystal plate armour of Inaction {Str+2}
                  | (Okawaru gifted it to you on level 1 of the Lair of Beasts)
  9436 | Lair:1   | Received a gift from Okawaru
  9916 | Lair:1   | Reached skill level 14 in Axes
 10581 | Lair:3   | Noticed a catoblepas
 10604 | Lair:3   | Killed a catoblepas
 10605 | Lair:3   | Reached skill level 5 in Invocations
 10605 | Lair:3   | Reached XP level 12. HP: 98/108 MP: 14/14
 10671 | Lair:3   | Noticed Josephine
 10687 | Lair:3   | Killed Josephine
 10691 | Lair:3   | Reached ****** piety under Okawaru
 10697 | Lair:3   | Received a gift from Okawaru
 10806 | Lair:3   | Noticed a seven-headed hydra
 10842 | Lair:3   | Killed a 20-headed hydra
 11535 | Lair:3   | Reached skill level 15 in Axes
 11549 | Lair:3   | Identified the scarf of the Mutiny {+Inv, rC+} (Okawaru
                  | gifted it to you on level 3 of the Lair of Beasts)
 11549 | Lair:3   | Received a gift from Okawaru
 11600 | Lair:3   | Found a staircase to the Snake Pit.
 11648 | Lair:3   | Found a staircase to the Shoals.
 12394 | Lair:4   | Identified the +4 bardiche of Trog's Delight {antimagic,
                  | Dex+3}
 12523 | Lair:4   | Found a viscous altar of Jiyva.
 12523 | Lair:4   | Found a staircase to the Slime Pits.
 12526 | Lair:4   | Noticed a death yak
 12526 | Lair:4   | Noticed a death yak
 12527 | Lair:4   | Noticed a death yak
 12548 | Lair:4   | Noticed a death yak
 12551 | Lair:4   | Noticed a death yak
 12552 | Lair:4   | Killed a death yak
 12552 | Lair:4   | Killed a death yak
 12556 | Lair:4   | Killed a death yak
 12557 | Lair:4   | Reached XP level 13. HP: 72/117 MP: 17/17
 12861 | Lair:4   | Identified the +1 hat "Gafipp" {Dex+2 Slay+4} (Okawaru
                  | gifted it to you on level 4 of the Lair of Beasts)
 12861 | Lair:4   | Received a gift from Okawaru
 13240 | Lair:5   | Entered Level 5 of the Lair of Beasts
 13268 | Lair:5   | Reached skill level 16 in Axes
 13546 | Lair:5   | Received a gift from Okawaru
 13584 | Lair:5   | Reached skill level 17 in Axes
 14160 | Lair:5   | Identified the +0 hat of Cemal {Drain rPois rC+++ Dex-2}
                  | (Okawaru gifted it to you on level 5 of the Lair of Beasts)
 14160 | Lair:5   | Received a gift from Okawaru
 14232 | Lair:5   | Reached XP level 14. HP: 129/129 MP: 19/19
 14302 | Lair:5   | Found the ring of Shadows {Umbra +Inv Stlth+}
 14554 | Lair:5   | Upgraded the game from 0.31-a0-344-gd109795599 to
                  | 0.31-a0-345-g1ebeae05c6
 14594 | Lair:5   | Identified the staff of Sudden Death {Will+ Stlth+ Earth}
 15283 | Lair:2   | Noticed Nergalle
 15591 | Lair:2   | You fall into a shaft and drop 1 floor!
 15681 | Lair:2   | Reached skill level 18 in Axes
 15732 | Lair:2   | Identified the +6 hand axe of Unoteum {freeze, Dex+2}
                  | (Okawaru gifted it to you on level 2 of the Lair of Beasts)
 15732 | Lair:2   | Received a gift from Okawaru
 16379 | Lair:2   | Upgraded the game from 0.31-a0-345-g1ebeae05c6 to
                  | 0.31-a0-354-g827e0957a7
 16487 | Lair:2   | Killed Nergalle
 16487 | Lair:2   | Received a gift from Okawaru
 16525 | Lair:2   | Identified the +2 cloak "Babuom" {MP-9 Str+5}
 17385 | Snake:1  | Entered Level 1 of the Snake Pit
 18211 | Snake:1  | Identified the +2 plate armour of Zissifaz {rF+ rCorr
                  | Dex+3} (Okawaru gifted it to you on level 1 of the Snake
                  | Pit)
 18211 | Snake:1  | Received a gift from Okawaru
 18353 | Snake:1  | Reached XP level 15. HP: 134/139 MP: 11/20
 18408 | Snake:1  | Got the Almanac of Geometry
 18426 | Snake:1  | Reached skill level 15 in Fighting
 18600 | Snake:1  | Found Laeg's Jewellery Emporium.
 18600 | Snake:1  | Found Huedd's Book Boutique.
 18601 | Snake:1  | Found Ycsiasan's Book Boutique.
 18616 | Snake:1  | Bought the ring "Uvoh" {rN++ rCorr Str+3 Int-2} for 673
                  | gold pieces
 18722 | Snake:2  | Reached skill level 15 in Armour
 18926 | Snake:2  | Reached skill level 1 in Evocations
 19115 | Snake:2  | Reached skill level 15 in Shields
 19564 | Snake:2  | Identified the +3 glaive "Beokh" {heavy, rElec rN+ Dex+2}
 19798 | Snake:2  | Found Caruh's Weapon Emporium.
 20117 | Snake:2  | Received a gift from Okawaru
 21032 | Snake:3  | Received a gift from Okawaru
 21410 | Snake:3  | Received a gift from Okawaru
 21779 | Snake:3  | Identified the +8 mace of Arcadian Purpose {freeze, Dex+4}
 22222 | Snake:3  | Reached XP level 16. HP: 94/151 MP: 12/21
 22485 | Snake:3  | Found Foloicw's Magic Scroll Shop.
 22508 | Snake:4  | Entered Level 4 of the Snake Pit
 22531 | Snake:4  | Identified the +11 war axe of Distant Worlds {protect,
                  | +Blink} (Okawaru gifted it to you on level 4 of the Snake
                  | Pit)
 22531 | Snake:4  | Received a gift from Okawaru
 22899 | Snake:4  | Reached skill level 1 in Throwing
 23155 | Snake:4  | HP: 7/151 [poisoned by a naga warrior (splash of poison)]
 23157 | Snake:4  | HP: 3/151 [poisoned by a naga mage (splash of poison)]
 23158 | Snake:4  | HP: 1/151 [poisoned by a naga mage (splash of poison)]
 23159 | Snake:4  | Gained mutation: You have a pair of large horns on your
                  | head. [potion of mutation]
 23159 | Snake:4  | Gained mutation: A frigid envelope surrounds you and
                  | freezes all who hurt you. [potion of mutation]
 23159 | Snake:4  | Succumbed to a naga mage's splash of poison

Illustrated notes

Levels and vault maps discovered:
D:1:      dpeg_arrival_tiny_j, layout_basic
D:2:      layout_rooms, dilly_ecumenical_altar_fadedgnrine
D:3:      layout_basic, biasface_ghost_orc_armoury, amethyst_killhole
D:4:      layout_loops_ring
D:5:      layout_loops_ring, gammafunk_temple_overflow_claw,
          mrwooster_statue_mirror, kennysheep_cross_room, uniq_sigmund
D:6:      layout_loops_corners, nicolae_overflow_hidden_temple,
          uniq_blork_the_orc, uniq_prince_ribbit1
D:7:      layout_basic, mainiacjoe_overflow_small_starburst,
          nicolae_ru_great_annihilating_truth, kennysheep_mini,
          minmay_temple_entry_ruins
D:8:      layout_loops_corners, grunt_temple_overflow_gold_and_silver,
          serial_glass, glass_columns_a, glass_columns_a, glass_columns_a,
          glass_columns_a, glass_columns_b, glass_columns_a, glass_columns_c,
          glass_columns_a, serial_shops, nicolae_shop_window_shopping,
          ebering_ghost_inner_flame
D:9:      layout_loops_ring, lair_entry_dummy
Temple:   nicolae_temple_bog_church
Lair:1:   layout_chaotic_city, beast_lair_carwin_6, grunt_megastairs_4
Lair:2:   nzn_winding_woodlands_huge [nzn_winding_woodlands_5x15_concentric,
          nzn_winding_woodlands_5x15_pathside_ponds,
          nzn_winding_woodlands_5x15_sidewinder,
          nzn_winding_woodlands_5x15_default,
          nzn_winding_woodlands_5x15_river_crossing,
          nzn_winding_woodlands_5x15_default,
          nzn_winding_woodlands_5x15_default,
          nzn_winding_woodlands_5x15_lazy_stream,
          nzn_winding_woodlands_5x15_zeroes,
          nzn_winding_woodlands_5x15_split_checker,
          nzn_winding_woodlands_center_diamonds,
          nzn_winding_woodlands_center_pierced_h,
          nzn_winding_woodlands_15x15_thick_spiral], layout_gridlike,
          lemuel_fruit_tree, serial_bayou_shore_b, uniq_nergalle
Lair:3:   layout_cave_pods, minmay_shoals_entry_centaurs,
          nicolae_snake_entry_warm_welcome, uniq_josephine
Lair:4:   layout_cave_pods, nicolae_slime_entry_slimehenge, lemuel_fruit_fields
Lair:5:   minmay_lair_end_frog_pond, layout_cave_pods
Snake:1:  layout_onion, minmay_shop_grove
Snake:2:  cheibrodos_forgotten_conduit, layout_layer_cave, serial_shops, shop,
          grunt_megastairs_5
Snake:3:  layout_grid_shapes, serial_shops, nicolae_shop_pleasant_corner_grove,
          nicolae_snake_herptile_family_reunion
Snake:4:  johnstein_snake_rune_scales, layout_cave_town,
          nicolae_snake_horde_hoard

Skill      XL: |  1  2  3  4  5  6  7  8  9 10 11 12 13 14 15 16 |
---------------+-------------------------------------------------+-----
Axes           | 3 4 5 6 7 9 11 13 14 15 17 18 | 18.9
Fighting       | 4 5 6 7 8 9 10 11 13 14 15 16 | 16.1
Armour         | 4 5 6 7 8 9 10 11 13 14 15 16 | 16.0
Shields        | 4 5 6 7 8 9 10 11 13 14 15 16 | 16.0
Invocations    | 5 7 8 9 |  9.5
Evocations     | 4 |  4.4
Throwing       | 1 |  1.6

Action                     |  1- 3 |  4- 6 |  7- 9 | 10-12 | 13-15 | 16-18 || total
---------------------------+-------+-------+-------+-------+-------+-------++-------
  Melee: War axe           |    71 |   124 |   203 |   592 |   856 |    76 ||  1922
         Headbutt          |     6 |    16 |    51 |   128 |   212 |    19 ||   432
  Throw: Boomerang         |       |    11 |    10 |    25 |       |       ||    46
         Throwing net      |       |       |       |     4 |       |       ||     4
         Stone             |       |       |       |     4 |    25 |     6 ||    35
  Evoke: Wand              |       |       |       |       |    24 |       ||    24
    Use: Scroll            |       |     6 |     2 |    18 |    15 |     2 ||    43
         Potion            |       |     1 |     1 |    12 |    10 |     3 ||    27
   Stab: Paralysed         |       |       |     1 |       |       |       ||     1
         Petrifying        |       |       |       |     1 |       |       ||     1
         Distracted        |       |       |       |     1 |       |       ||     1
         Invisible         |       |       |       |       |     3 |       ||     3
 Armour: Scale mail        |    21 |    59 |    67 |    80 |       |       ||   227
         Crystal plate arm |       |       |       |   218 |   470 |    39 ||   727
         Skin              |       |       |       |     8 |     4 |       ||    12
  Dodge: Dodged            |    37 |    53 |   107 |   326 |   293 |    17 ||   833
  Block: Buckler           |    17 |    36 |    51 |   189 |   155 |       ||   448
         Kite shield       |       |       |       |       |   190 |    47 ||   237
         Reflection        |       |       |       |       |    11 |     8 ||    19
         Form:             |       |     1 |       |       |       |       ||     1
         Maw               |       |     1 |       |       |       |       ||     1

Table legend: (Time is in decaauts)
 A = Elapsed time spent in this place.
 B = Non-inter-level travel time spent in this place.
 C = Inter-level travel time spent in this place.
 D = Time resting spent in this place.
 E = Time spent auto-exploring this place.
 F = Levels seen in this place.
 G = Mean time per level.
                   A        B        C        D        E       F      G
               +--------+--------+--------+--------+--------+-----+--------+
         Total |  22954 |  13803 |   9151 |   5003 |      0 |  19 | 1208.1 |
       Dungeon |   8806 |   3880 |   4926 |   1257 |      0 |   9 |  978.4 |
        Temple |     55 |      2 |     53 |      0 |      0 |   1 |   55.0 |
          Lair |   8438 |   5895 |   2543 |   1770 |      0 |   5 | 1687.6 |
     Snake Pit |   5654 |   4025 |   1629 |   1975 |      0 |   4 | 1413.5 |
               +--------+--------+--------+--------+--------+-----+--------+

Top non-repeatable levels by time:
  Lair:2: 2128 daAuts
  Lair:5: 2089 daAuts
 Snake:2: 1952 daAuts
  Lair:3: 1724 daAuts
 Snake:3: 1683 daAuts
     D:8: 1475 daAuts
 Snake:1: 1387 daAuts
  Lair:1: 1275 daAuts
  Lair:4: 1220 daAuts
     D:3: 1180 daAuts
     D:9: 1169 daAuts
     D:5: 1032 daAuts
     D:6: 923 daAuts
     D:4: 872 daAuts
     D:1: 846 daAuts
